 Dungeon Crawl Stone Soup version 0.29-a0-111-gbaf749a769 (webtiles) character file.

Game seed: 17568453406762031008

1227 siradein the Skirmisher (level 8, -4/70 HPs)
             Began as a Ghoul Monk on Feb 17, 2022.
             Slain by a wight (15 damage)
             ... on level 4 of the Dungeon.
             The game lasted 00:20:37 (5735 turns).

siradein the Skirmisher (Ghoul Monk)                Turns: 5735, Time: 00:20:38

Health: -4/70      AC: 14    Str: 17    XL:     8   Next: 48%
Magic:  7/7        EV:  6    Int:  5    God:
Gold:   293        SH:  0    Dex: 11    Spells: 7/7 levels left

rFire   . . .      SeeInvis .     - Unarmed
rCold   + . .      Faith    .   (no shield)
rNeg    + + +      Spirit   .   a - +0 plate armour
rPois   ∞          Reflect  .   q - +0 helmet
rElec   .          Harm     .   r - +0 cloak
rCorr   .          Rampage  .   (no gloves)
Will    .....                   (no boots)
Stlth   ..........              v - amulet of regeneration
HPRegen 0.00/turn               (no ring)
MPRegen 0.10/turn               (no ring)

@: inhibited regen
A: claws 1, cold resistance 1, negative energy resistance 3, inhibited
regeneration, torment resistance 2
a: no special abilities


You were on level 4 of the Dungeon.
You visited 1 branch of the dungeon, and saw 5 of its levels.
You also visited: Ossuary.

You collected 293 gold pieces.

Inventory:

Missiles
 b - 3 poisoned darts
 u - 5 boomerangs (quivered)
Armour
 a - a +0 plate armour (worn)
 q - a +0 helmet (worn)
 r - a +0 cloak (worn)
Jewellery
 v - an amulet of regeneration (around neck)
Scrolls
 e - a scroll of fog {unknown}
 f - a scroll of fear {unknown}
 h - 3 scrolls of immolation {unknown}
 j - a scroll of torment {unknown}
 l - a scroll of teleportation {unknown}
 n - 2 scrolls of blinking {unknown}
 o - 2 scrolls of vulnerability {unknown}
 s - a scroll of magic mapping {unknown}
 y - 2 scrolls of holy word {unknown}
 A - a scroll of enchant armour {unknown}
 B - a scroll of noise {unknown}
Potions
 c - a potion of magic
 d - 3 potions of curing
 g - 2 potions of heal wounds
 k - a potion of resistance
 m - 2 potions of flight
 p - a potion of brilliance {unknown}
 t - a potion of ambrosia {unknown}
 w - 2 potions of haste {unknown}
 x - 2 potions of mutation {unknown}
 z - a potion of degeneration {unknown}


   Skills:
 + Level 6.1 Fighting
 + Level 2.8 Throwing
 + Level 3.7 Armour
 + Level 5.1 Dodging
 - Level 2.1 Stealth
 + Level 6.1 Unarmed Combat


You had 7 spell levels left.
You didn't know any spells.
Your spell library contained the following spells:

 Spells                   Type           Power      Damage    Failure   Level
 Dazzling Flash           Conj/Hex       0%         N/A       100%        3
 Iskenderun's Mystic Bla  Conj/Tloc      0%         2d3       100%        4
 Starburst                Conj/Fire      0%         6d3       100%        6


Dungeon Overview and Level Annotations

Branches:
Dungeon (5/15)            Ossuary (visited)
 Temple: D:4-7

Altars:
Okawaru
Qazlal
Wu Jian
Xom
Beogh

Annotations:
D:3 3 runed translucent doors, Xenoroth's ghost, amateur HOMo
D:5 3 runed translucent doors, Cecur's ghost, novice SpWn; bronco's ghost, amateur TrMo; cyrus's ghost, amateur NaFi; dracfodder's ghost, novice GrBe


Innate Abilities, Weirdness & Mutations

You thrive by killing the living.
You are immune to poison.
You have sharp fingernails.
Your flesh is cold resistant. (rC+)
You are immune to negative energy. (rN+++)
You do not regenerate when monsters are visible.
You are immune to unholy pain and torment.


Message History

A wight is nearby!
A wight is nearby!
A wight is nearby!
The wight hits you with a +3 great sword of freezing!
The wight freezes you.
Dracfodder's ghost turns its malevolent gaze towards you.
You closely miss the wight. You scratch the wight. Your claw misses the wight.
The wight is moderately damaged.
Dracfodder's ghost says, "They'll have to sweep you off the floor after I'm finished with you!"
The wight hits you with a +3 great sword of freezing.
The wight hits you but does no damage.
The wight hits you with a +4 morningstar!
You scratch the wight.
The wight is moderately damaged.
The wight hits you with a +4 morningstar!
You barely miss the wight. You claw the wight.
The wight is heavily damaged.
You closely miss the wight. You claw the wight.
The wight is heavily damaged.
The wight barely misses you.
You completely miss the wight.
The wight is heavily damaged.
The wight hits you with a +4 morningstar!
You are too injured to fight recklessly!
You are too injured to fight recklessly!
You are too injured to fight recklessly!
You are too injured to fight recklessly!
You closely miss the wight.
The wight is heavily damaged.
The wight hits you with a +4 morningstar!
* * * LOW HITPOINT WARNING * * *
There is a stone staircase leading down here.
There is a stone staircase leading up here.
The wight hits you with a +4 morningstar.
* * * LOW HITPOINT WARNING * * *
You climb upwards.
There is a stone staircase leading down here.
The wight hits you with a +4 morningstar!
You die...

#.#...#....#..............
#.....#....#.^.....##...#.
#..........#.......###....
#.....#.)..#.......# #....
#..........######### ##..#
#..........##### #...
#.......>......###### ##.#
######.##.##..).....# #)#
#..z@...#.####.####.#
####.####.# #...<..#
#.####.# ######.. #......#
#.... ######## #.... #....
#.... #.... ##....


You could see a wight.

Vanquished Creatures
  Grinder (D:3)
  A scorpion (D:5)
  A water moccasin skeleton (D:4)
  A wyvern skeleton (D:5)
  3 killer bees (D:4)
  A wight (D:4)
  2 centaur zombies (Ossuary)
  A jelly (D:5)
  3 orc priests
  A hound (D:5)
  A gnoll shaman (D:4)
  A human zombie (Ossuary)
  A bullfrog skeleton (D:5)
  2 iguanas
  2 orc wizards
  2 mummies (Ossuary)
  Robin (D:3)
  5 gnolls
  A howler monkey skeleton (D:5)
  6 adders
  5 worms (D:2)
  A dart slug (D:1)
  11 orcs
  4 bats
  7 endoplasms
  4 giant cockroaches
  12 hobgoblins
  2 jackals (D:2)
  8 quokkas
  5 ball pythons
  3 frilled lizards (D:1)
  18 goblins
  A goblin zombie (Ossuary)
  10 hobgoblin zombies (Ossuary)
  4 jackal zombies (Ossuary)
  2 kobolds
  7 kobold zombies (Ossuary)
  10 orc zombies (Ossuary)
  10 rats
  2 rat zombies (Ossuary)
163 creatures vanquished.

Notes
Turn   | Place    | Note
-------+----------+-------------------------------------------
     0 | D:1      | siradein the Ghoul Monk began the quest for the Orb.
     0 | D:1      | Reached XP level 1. HP: 19/19 MP: 0/0
    69 | D:1      | Reached XP level 2. HP: 20/26 MP: 1/1
   443 | D:1      | Reached XP level 3. HP: 29/33 MP: 2/2
  1256 | D:2      | Reached XP level 4. HP: 40/40 MP: 3/3
  1478 | D:2      | Found a faded altar of an unknown god.
  1685 | D:3      | Noticed Grinder
  1707 | D:3      | Noticed Robin
  2125 | D:3      | Killed Robin
  2126 | D:3      | Reached skill level 1 in Armour
  2248 | D:3      | Reached XP level 5. HP: 46/46 MP: 4/4
  2281 | D:3      | Paralysed by Grinder for 2 turns
  2304 | D:3      | Killed Grinder
  2305 | D:3      | Reached XP level 6. HP: 24/55 MP: 5/5
  2570 | D:3      | Found a runed translucent gate.
  2570 | D:3      | Noticed Xenoroth's ghost (amateur HOMo)
  2571 | D:3      | Found a runed translucent gate.
  2572 | D:3      | Found a runed translucent gate.
  2573 | D:3      | Identified the +1 ring mail "Dem Myki" {Will+}
  3079 | D:3      | Reached skill level 5 in Fighting
  3079 | D:3      | Reached skill level 5 in Unarmed Combat
  3304 | D:3      | Found a hide-covered altar of Uskayaw.
  3306 | D:3      | Found a shimmering altar of Xom.
  3306 | D:3      | Found a basalt altar of Yredelemnul.
  3308 | D:3      | Found a basalt altar of Yredelemnul.
  3308 | D:3      | Found a blossoming altar of Fedhas.
  3308 | D:3      | Found a hazy altar of Hepliaklqana.
  3454 | D:4      | Found a sand-covered staircase.
  3465 | Ossuary  | Entered an ossuary
  3649 | Ossuary  | Reached skill level 1 in Throwing
  3649 | Ossuary  | Reached XP level 7. HP: 35/61 MP: 6/6
  4549 | D:4      | Found an ornate altar of the Wu Jian Council.
  5095 | D:5      | Entered Level 5 of the Dungeon
  5154 | D:5      | Found a stormy altar of Qazlal.
  5155 | D:5      | Found an iron altar of Okawaru.
  5190 | D:5      | Reached XP level 8. HP: 70/70 MP: 7/7
  5193 | D:5      | Found a runed translucent gate.
  5193 | D:5      | Found a runed translucent gate.
  5202 | D:5      | Found a runed translucent gate.
  5203 | D:5      | Noticed cyrus's ghost (amateur NaFi)
  5224 | D:5      | Noticed Cecur's ghost (novice SpWn)
  5225 | D:5      | Noticed dracfodder's ghost (novice GrBe)
  5226 | D:5      | Noticed bronco's ghost (amateur TrMo)
  5475 | D:4      | HP: 3/70 [killer bee (5)]
  5475 | D:4      | HP: 1/70 [killer bee (2)]
  5484 | D:4      | Reached skill level 5 in Dodging
  5735 | D:4      | Slain by a wight

Illustrated notes

Levels and vault maps discovered:
D:1:      minmay_arrival_jagged, layout_rooms
D:2:      layout_loops_cross, shapermc_ecumenical_altar_mp_ritualfount
D:3:      layout_rooms, doesnt_xom_only_xom, biasface_ghost_orc_armoury,
          kennysheep_orc_chapel, uniq_grinder, uniq_robin
D:4:      layout_loops_cross, mainiacjoe_overflow_paths,
          nicolae_ossuary_entry_ruins
D:5:      layout_cave_pools, minitemple, gammafunk_ghost_cemetery

Skill      XL: |  1  2  3  4  5  6  7  8 |
---------------+-------------------------+-----
Dodging        | 3 4 5 |  5.1
Fighting       | 4 5 6 |  6.1
Unarmed Combat | 4 5 6 |  6.1
Armour         | 1 2 3 |  3.7
Throwing       | 1 2 |  2.8
Stealth        | |  2.1

Action                   |  1- 3 |  4- 6 |  7- 9 || total
-------------------------+-------+-------+-------++-------
Melee: Unarmed           |   119 |   205 |   283 ||   607
       Punch             |     4 |     5 |    11 ||    20
  Use: Scroll            |       |       |     6 ||     6
       Potion            |       |       |     1 ||     1
 Stab: Sleeping          |     2 |       |       ||     2
Armor: Robe              |    22 |       |       ||    22
       Plate armour      |    17 |   143 |   139 ||   299
Dodge: Dodged            |    77 |    54 |    95 ||   226

Table legend: (Time is in decaauts)
 A = Elapsed time spent in this place.
 B = Non-inter-level travel time spent in this place.
 C = Inter-level travel time spent in this place.
 D = Time resting spent in this place.
 E = Time spent auto-exploring this place.
 F = Levels seen in this place.
 G = Mean time per level.
                   A        B        C        D        E       F      G
               +--------+--------+--------+--------+--------+-----+--------+
         Total |   5690 |   5621 |     69 |    616 |   3144 |   6 |  948.3 |
       Dungeon |   4852 |   4783 |     69 |    518 |   2905 |   5 |  970.4 |
       Ossuary |    838 |    838 |      0 |     98 |    239 |   1 |  838.0 |
               +--------+--------+--------+--------+--------+-----+--------+

Top non-repeatable levels by time:
     D:2: 1639 daAuts
     D:3: 1143 daAuts
     D:4: 946 daAuts
 Ossuary: 838 daAuts
     D:1: 645 daAuts
     D:5: 477 daAuts
